 Dungeon Crawl Stone Soup version 0.17.1-3-g152610e (webtiles) character file.

184 Zetta the Firebug (level 5, -15/28 HPs)
             Began as a Gargoyle Fire Elementalist on Feb 18, 2016.
             Demolished by an ogre
             ... wielding a +0 giant club
              (19 damage)
             ... on level 4 of the Dungeon.
             The game lasted 00:23:26 (3403 turns).

Zetta the Firebug (Gargoyle Fire Elementalist)      Turns: 3403, Time: 00:23:26

Health: -15/28     AC:  8    Str: 12    XL:     5   Next: 64%
Magic:  5/10       EV:  7    Int: 16    God:
Gold:   125        SH:  0    Dex: 10    Spells: 3 memorised, 3 levels left

rFire  + . .     SeeInvis .     g - +0 whip
rCold  . . .     Clarity  .     f - +0 robe
rNeg   + . .     SustAt   .     (no shield)
rPois  ∞         Gourm    .     (no helmet)
rElec  +         Spirit   .     (no cloak)
rCorr  .         Warding  .     k - +0 pair of gloves
rMut   .         Stasis   .     d - +0 pair of boots
MR     .....                    (no amulet)
Stlth  ++........               (no ring)
                                l - ring of protection from fire

@: not resistant to hostile enchantments, unstealthy
A: negative energy resistance 1, electricity resistance, unbreathing,
petrification resistance, rot immunity, AC +4
a: no special abilities


You were on level 4 of the Dungeon.
You were not hungry.

You visited 1 branch of the dungeon, and saw 4 of its levels.

You collected 125 gold pieces.

Inventory:

Hand Weapons
 e - a +0 short sword
 g - a +0 whip (weapon)
Armour
 d - a +0 pair of boots (worn)
 f - a +0 robe (worn)
 k - a +0 pair of gloves (worn)
Jewellery
 l - a ring of protection from fire (left hand)
Scrolls
 h - a scroll of remove curse
Books
 b - a book of Flames

   Spells                             Type                      Level
   a - Flame Tongue                   Conjuration/Fire             1
   b - Throw Flame                    Conjuration/Fire             2
   c - Conjure Flame                  Conjuration/Fire             3
   d - Inner Flame                    Hexes/Fire                   3
   e - Sticky Flame                   Conjuration/Fire             4
   f - Fireball                       Conjuration/Fire             5
Comestibles
 c - 4 bread rations
 i - a meat ration


   Skills:
 - Level 1.5 Dodging
 - Level 2.1 Stealth
 * Level 3.9 Spellcasting
 + Level 2.8 Conjurations
 + Level 4.1 Fire Magic


You had 3 spell levels left.
You knew the following spells:

 Your Spells              Type           Power        Failure   Level  Hunger
a - Flame Tongue          Conj/Fire      ##...        6%          1    None
b - Throw Flame           Conj/Fire      ##....       10%         2    ##.....
c - Fireball              Conj/Fire      ##........   96%         5    ######.


Dungeon Overview and Level Annotations

Branches:
Dungeon (4/15)
 Temple: D:4-7

Altars:
Dithmenos

Shops:
D:4 !

Annotations:
D:4 Blork the orc


Innate Abilities, Weirdness & Mutations

You are resistant to torment.
Your stone body is resilient (AC +4).
You are immune to poison.
You resist negative energy.
You are resistant to electric shocks.
You can survive without breathing.
You are immune to petrification.
You are immune to rotting.


Message History

Aim: an ogre, wielding a giant club (moderately wounded)
The puff of flame hits the ogre.
The ogre is heavily wounded.
The ogre hits you with a giant club!!
Ouch! That really hurt!
* * * LOW HITPOINT WARNING * * *
Casting: Throw Flame
Confirm with . or Enter, or press ? or * to list all spells.
Aiming: Throw Flame
Press: ? - help, Shift-Dir - straight line, f/p - ogre
Aim: an ogre, wielding a giant club (moderately wounded)
The puff of flame hits the ogre.
The ogre is heavily wounded.
Things that are here:
a club; a leather armour
There is a stone staircase leading down here.
You can't go up here!
The ogre hits you with a giant club!!
Ouch! That really hurt!
You die...

..........#.......# #.#
..........#.......# #.#
..........#.......# #.#
..........#.......# #.#
..........#.......# #.#
..........#.......# #.#
.........[#.......##.##.#
...÷.(.....).........##.#
...............O@#### #.#
..........#############.#
..####.#................#
### #.#.################
#.#.# #.#.# #.#.# #.#.#
#.#.#


You could see an ogre.

Vanquished Creatures
  The ghost of F1L1N the Sneak, an amateur OpAs (D:3)
  An orc wizard (D:4)
  3 adders (D:2)
  An adder skeleton (D:4)
  A worm (D:3)
  A giant gecko (D:2)
  5 orcs
  7 bats
  4 giant cockroaches
  9 hobgoblins
  A quokka (D:2)
  4 giant newts
  5 goblins
  5 kobolds
  2 rats
50 creatures vanquished.

Notes
Turn   | Place    | Note
--------------------------------------------------------------
     0 | D:1      | Zetta the Gargoyle Fire Elementalist began the quest for the Orb.
     0 | D:1      | Reached XP level 1. HP: 10/10 MP: 3/3
   445 | D:1      | Reached XP level 2. HP: 13/15 MP: 1/5
   880 | D:2      | Learned a level 2 spell: Throw Flame
   962 | D:2      | Reached XP level 3. HP: 19/19 MP: 2/6
  1969 | D:3      | Reached XP level 4. HP: 24/24 MP: 0/8
  1995 | D:3      | Found a shadowy altar of Dithmenos.
  2184 | D:3      | Noticed F1L1N's ghost (amateur OpAs)
  2222 | D:3      | Killed F1L1N's ghost
  2222 | D:3      | Reached XP level 5. HP: 25/28 MP: 0/10
  2229 | D:3      | Learned a level 5 spell: Fireball
  2323 | D:3      | Reached skill level 4 in Fire Magic
  3355 | D:4      | Found Ihoycu's Distillery.
  3363 | D:4      | Noticed an ogre
  3367 | D:4      | Noticed Blork the orc
  3403 | D:4      | Demolished by an ogre

Action                   |  1- 3 |  4- 6 || total
-------------------------+-------+-------++-------
Melee: Unarmed           |    45 |       ||    45
       Short sword       |    28 |    27 ||    55
       Whip              |       |     7 ||     7
 Cast: Flame Tongue      |    33 |     8 ||    41
       Throw Flame       |    17 |    27 ||    44
  Use: Scroll            |     5 |       ||     5
       Potion            |     2 |     1 ||     3
  Eat: Chunk             |     4 |       ||     4
       Pizza             |     1 |       ||     1
       Meat ration       |       |     1 ||     1
